 Dungeon Sprint DCSS version 0.27.1-1-g398f81649c (webtiles) character file.

Game seed: 8903101909251016468

1068 ugugthedestroyer the Fighter (level 8, -10/99 (101) HPs)
             Began as an Ogre Monk on Sept 6, 2021.
             Was the Champion of Cheibriados.
             Mangled by a blink frog (13 damage)
             ... in the Dungeon (Sprint VII: "The Pits").
             The game lasted 00:02:46 (527 turns).

ugugthedestroyer the Fighter (Ogre Monk)             Turns: 527, Time: 00:02:47

HP:   -10/99 (101)  AC:  3    Str: 33    XL:     8   Next: 28%
MP:   8/8           EV: 18    Int: 26    God:    Cheibriados [******]
Gold: 0             SH:  0    Dex: 26    Spells: 7/7 levels left

rFire    . . .     SeeInvis .   i - +2 hand axe
rCold    . . .     Faith    .   (no shield)
rNeg     . . .     Spirit   .   b - +0 robe
rPois    .         Reflect  .   (helmet restricted)
rElec    .         Harm     .   (no cloak)
rCorr    .         Rampage  .   (gloves unavailable)
Will     .....     NoTele   +   (boots unavailable)
Stlth    ++........             (no amulet)
HPRegen  0.26/turn              (no ring)
MPRegen  0.11/turn              (no ring)

@: lightly drained, invisible, very slow
A: large, unfitting armour, tough skin 1
a: Renounce Religion, Bend Time, Temporal Distortion, Slouch, Step From Time


You were in the Dungeon.
You worshipped Cheibriados.
Cheibriados was exalted by your worship.
You visited 1 branch

Inventory:

Hand Weapons
 a - a +0 hand axe
 i - a +2 hand axe (weapon)
Armour
 b - a +0 robe (worn)
Scrolls
 h - a scroll of blinking
 k - 5 scrolls of amnesia
 l - a scroll of summoning
Potions
 c - 6 potions of curing
 f - 4 potions of magic
 j - a potion of invisibility


   Skills:
 + Level 12.6 Fighting
 + Level 11.6 Axes
 + Level 9.4 Dodging
 - Level 1.4 Stealth


You had 7 spell levels left.
You didn't know any spells.
Your spell library was empty.

Dungeon Overview and Level Annotations

Branches:
Dungeon (1/1)

Altars:
Ashenzari
Cheibriados
Dithmenos
Elyvilon
Fedhas
Gozag
Hepliaklqana
Kikubaaqudgha
Makhleb
Nemelex Xobeh
Okawaru
Qazlal
Ru
Sif Muna
Trog
Uskayaw
Vehumet
Wu Jian
Xom
Yredelemnul
Zin
The Shining One
Beogh
Jiyva
Lugonu


Innate Abilities, Weirdness & Mutations

You are too large for most types of armour.
You have tough skin. (AC +1)


Message History

You hit the wight.
The blink frog blinks!
The wight barely misses you. The wight closely misses you.
You slash the wight!
You destroy the wight!
Cheibriados thoroughly appreciates the change of pace.
You hit the wight. The wight closely misses you.
Your life force feels restored.
The elephant misses you.
The elephant trunk-slaps you but does no damage.
The blink frog hits you. The wight hits you with a +4 dagger!
You feel drained. The wight closely misses you. The elephant barely misses you.
The elephant trunk-slaps you but does no damage.
The blink frog misses you. The wight barely misses you. x2
There is an open door, spattered with blood here.
Items here: )) [[ †.
You feel much better. The blink frog hits you!!
The blink frog blinks!
The elephant tramples you!
You hold your ground!
The elephant trunk-slaps you. The wight hits you with a +4 dagger.
The blink frog barely misses you.
The blink frog blinks!
The wight barely misses you.
You slash the elephant!
The elephant is lightly wounded.
You hit the wight. You closely miss the wight. You hit the blink frog.
You closely miss the blink frog. The elephant closely misses you.
The elephant trunk-slaps you. The blink frog hits you!
* * * LOW HITPOINT WARNING * * *
The blink frog blinks!
The wight hits you with a +4 dagger!
* * * LOW HITPOINT WARNING * * *
The blink frog misses you.
You hit the elephant but do no damage.
The elephant is lightly wounded.
You slash the blink frog! You hit the blink frog.
You hit the wight but do no damage. You hit the wight. The wight misses you.
The elephant tramples you!
* * * LOW HITPOINT WARNING * * *
You hold your ground!
The elephant trunk-slaps you but does no damage.
The blink frog closely misses you.
The blink frog blinks!
The wight misses you.
You fade into invisibility!
The blink frog hits you!
You die...

#.#..########...<...#
#.#).'.)))[##.......#
#.#..#.)))[##.......#
#!###########.......#
#..)....#..##########
#.......#)######
#...#...#)#....#
#..###..#z#z§F.#
#...#...#F@YF..+
#.......#'#§...#
#.......'.#....#
################


You could see an elephant, 3 blink frogs and 2 wights.

Vanquished Creatures
  A rime drake (D)
  A blink frog (D)
  A warg (D)
  2 floating eyes (D)
  Blork the orc (D)
  A bullfrog (D)
  2 wights (D)
  An orc wizard (D)
  A mummy (D)
  A gnoll (D)
  An ufetubus (D)
  3 orcs (D)
  2 bat skeletons (D)
  A bat zombie (D)
  An endoplasm (D)
  3 jackals (D)
  A frilled lizard (D)
  A giant cockroach zombie (D)
25 creatures vanquished.

Notes
Turn   | Place    | Note
-------+----------+-------------------------------------------
     0 | D        | ugugthedestroyer the Ogre Monk began the quest for the Orb.
     0 | D        | Reached XP level 1. HP: 24/24 MP: 1/1
    48 | D        | Found a bloodstained altar of Trog.
    48 | D        | Found a shimmering blue altar of Sif Muna.
    48 | D        | Found a viscous altar of Jiyva.
    48 | D        | Found a hazy altar of Hepliaklqana.
    48 | D        | Found an opulent altar of Gozag.
    49 | D        | Found a glowing golden altar of the Shining One.
    49 | D        | Found a glowing silver altar of Zin.
    49 | D        | Found a basalt altar of Yredelemnul.
    49 | D        | Found a shimmering altar of Xom.
    49 | D        | Found an ornate altar of the Wu Jian Council.
    49 | D        | Found a sacrificial altar of Ru.
    49 | D        | Found a stormy altar of Qazlal.
    49 | D        | Found an iron altar of Okawaru.
    49 | D        | Found a sparkling altar of Nemelex Xobeh.
    49 | D        | Found a burning altar of Makhleb.
    49 | D        | Found a blossoming altar of Fedhas.
    49 | D        | Found a white marble altar of Elyvilon.
    49 | D        | Found a shadowy altar of Dithmenos.
    49 | D        | Found a snail-covered altar of Cheibriados.
    51 | D        | Found a radiant altar of Vehumet.
    51 | D        | Found a corrupted altar of Lugonu.
    52 | D        | Found a hide-covered altar of Uskayaw.
    52 | D        | Found an ancient bone altar of Kikubaaqudgha.
    52 | D        | Found a broken altar of Ashenzari.
    60 | D        | Became a worshipper of Cheibriados the Contemplative
    60 | D        | Reached * piety under Cheibriados
    60 | D        | Reached ** piety under Cheibriados
    77 | D        | Noticed a floating eye
    78 | D        | Paralysed by a floating eye for 3 turns
    84 | D        | Paralysed by a floating eye for 4 turns
    91 | D        | Killed a floating eye
    92 | D        | Reached skill level 7 in Fighting
    92 | D        | Reached skill level 5 in Dodging
    92 | D        | Reached XP level 2. HP: 34/40 MP: 2/2
    92 | D        | Reached XP level 3. HP: 40/46 MP: 3/3
    92 | D        | Reached XP level 4. HP: 48/55 MP: 4/4
   105 | D        | Reached *** piety under Cheibriados
   113 | D        | Reached **** piety under Cheibriados
   117 | D        | Reached ***** piety under Cheibriados
   119 | D        | Reached XP level 5. HP: 53/63 MP: 5/5
   130 | D        | Reached skill level 8 in Fighting
   189 | D        | Noticed Blork the orc
   189 | D        | Noticed a floating eye
   189 | D        | Noticed a warg
   197 | D        | Killed a floating eye
   198 | D        | Reached skill level 9 in Fighting
   198 | D        | Reached XP level 6. HP: 39/75 MP: 6/6
   210 | D        | Killed a warg
   210 | D        | Reached ****** piety under Cheibriados
   211 | D        | Reached skill level 10 in Fighting
   217 | D        | Killed Blork the orc
   236 | D        | Reached XP level 7. HP: 44/87 MP: 7/7
   364 | D        | Noticed a rime drake
   379 | D        | Killed a rime drake
   380 | D        | Reached skill level 11 in Fighting
   380 | D        | Reached skill level 10 in Axes
   493 | D        | Reached skill level 12 in Fighting
   507 | D        | Noticed a blink frog
   507 | D        | Noticed a blink frog
   507 | D        | Noticed a blink frog
   507 | D        | Noticed a blink frog
   507 | D        | Noticed an elephant
   514 | D        | Killed a blink frog
   515 | D        | Reached XP level 8. HP: 81/101 MP: 8/8
   526 | D        | HP: 3/99 [elephant (9)]
   527 | D        | Mangled by a blink frog

Illustrated notes

Levels and vault maps discovered:
D:        pitsprint [storerooms_1, entrance_room_1, metal_vault_2, armoury_1,
          mini_pit_1, grid_room_1, main_hall_1, silver_pit, the_coven_1,
          the_vestibule_1, steel_vault_4, golden_pit, hallway_of_sentries,
          crystal_vault_2, iron_vault_1, final_vault]

Skill      XL: |  1  2  3  4  5  6  7 |
---------------+----------------------+-----
Dodging        | 5 6 7 9 |  9.4
Fighting       | 7 9 10 12 | 12.6
Axes           | 6 8 9 11 | 11.6
Stealth        | |  1.4

Action                   |  1- 3 |  4- 6 |  7- 9 || total
-------------------------+-------+-------+-------++-------
Melee: Hand axe          |    14 |    36 |    48 ||    98
  Use: Potion            |       |     5 |     2 ||     7
Armor: Robe              |     2 |    19 |     4 ||    25
Dodge: Dodged            |     3 |    71 |    42 ||   116
